 Dungeon Crawl Stone Soup version 0.22-a0-307-g2b15929 (webtiles) character file.

1255 xccam the Cleaver (level 8, -1/58 HPs)
             Began as a Formicid Fighter on Apr 1, 2018.
             Killed by divine providence
             ... invoked by an orc priest
              (14 damage)
             ... on level 6 of the Dungeon.
             The game lasted 00:07:11 (4956 turns).

xccam the Cleaver (Formicid Fighter)                Turns: 4956, Time: 00:07:11

Health: -1/58      AC:  6    Str: 24    XL:     8   Next: 80%
Magic:  8/8        EV:  8    Int:  7    God:
Gold:   322        SH:  9    Dex: 10    Spells: 7/7 levels left

rFire    . . .     SeeInvis +   a - +0 war axe
rCold    + . .     Gourm    .   c - +0 shield
rNeg     . . .     Faith    .   b - +0 scale mail
rPois    .         Spirit   .   (helmet unavailable)
rElec    .         Reflect  .   d - scarf {repulsion}
rCorr    .         Harm     .   (no gloves)
MR       .....                  (no boots)
Stlth    ..........             (no amulet)
HPRegen  0.19/turn              v - ring of protection from cold
MPRegen  0.11/turn              (no ring)

@: repel missiles
A: permanent stasis, dig shafts and tunnels, four strong arms, antennae 3
a: Dig, Shaft Self


You were on level 6 of the Dungeon.
You were not hungry.

You visited 1 branch of the dungeon, and saw 6 of its levels.

You collected 322 gold pieces.

Inventory:

Hand Weapons
 a - a +0 war axe (weapon)
Armour
 b - a +0 scale mail (worn)
 c - a +0 shield (worn)
 d - a scarf of repulsion (worn)
Jewellery
 v - a ring of protection from cold (left hand)
Wands
 m - a wand of acid (7)
Scrolls
 h - 5 scrolls of identify {unknown}
 j - 3 scrolls of enchant weapon {unknown}
 k - 2 scrolls of remove curse {unknown}
 l - 3 scrolls of noise {unknown}
 n - 2 scrolls of enchant armour {unknown}
 q - a scroll of amnesia {unknown}
 t - 5 scrolls of fear {unknown}
 u - 2 scrolls of blinking {unknown}
 w - a scroll of random uselessness {unknown}
 y - a scroll of teleportation {unknown}
Potions
 e - a potion of agility {unknown}
 g - a potion of mutation {unknown}
 i - a potion of resistance {unknown}
 o - a potion of brilliance {unknown}
 p - a potion of haste {unknown}
 r - 2 potions of heal wounds
 s - 2 potions of berserk rage {unknown}
Comestibles
 f - 11 rations
 x - 6 chunks of flesh


   Skills:
 - Level 3.2 Fighting
 - Level 10.1 Axes
 - Level 3.2 Armour
 + Level 3.8 Shields


You had 7 spell levels left.
You didn't know any spells.

Dungeon Overview and Level Annotations

Branches:
Dungeon (6/15)
 Temple: D:4-7

Altars:
Ashenzari


Innate Abilities, Weirdness & Mutations

You cannot be hasted, slowed, berserked, paralysed or teleported.
You can dig through walls and to a lower floor.
Your four strong arms can wield two-handed weapons with a shield.
You have a pair of large antennae on your head. (SInv)


Message History

The magic dart hits you!
* * * LOW HITPOINT WARNING * * *
An orc comes into view.
The orc shouts!
You hit the orc wizard.
The orc wizard is almost dead.
The orc moves out of view.
You barely miss the orc priest. You hit the orc wizard.
You kill the orc wizard!
The orc priest casts a cantrip, but nothing happens.
Unknown command.
You hit the orc priest.
The orc priest is lightly wounded.
The orc priest looks satisfied for a moment.
Unknown command.
You closely miss the orc priest.
The orc priest is lightly wounded.
The orc priest mumbles some strange prayers to Beogh against you.
Beogh smites you!
You die...

#.#####.####
...........#####
................
............#
.....†.o....#
##.#####.###.###.#
. ..# #.# #o# # #
##.#.# #.###o#
###.
...#.###...@)#
.... #......#..#.#
....#
#.#....#..#.#
....#
#.....##..#.#
....#
#.........#.# ...#
#.....##.##.# ...#
#............ ...#
##.....##.#.#
...## #.....# .. #


You could see an orc priest and 2 orcs.

Vanquished Creatures
  Prince Ribbit (D:6)
  The ghost of Nr616 the Sneak, an amateur SpEn (D:3)
  An ice beast (D:5)
  2 ogres (D:5)
  2 bullfrogs (D:6)
  Dowan (D:6)
  A jelly (D:5)
  An orc priest (D:4)
  3 hounds
  4 orc wizards
  2 worker ants
  A howler monkey zombie (D:5)
  7 adders
  4 gnolls (D:4)
  2 oozes (D:4)
  3 worms
  3 dart slugs (D:3)
  3 leopard geckos
  16 orcs
  3 giant cockroaches
  7 hobgoblins
  4 jackals (D:2)
  4 quokkas
  A ball python (D:4)
  5 bats
  4 frilled lizards
  6 goblins
  4 kobolds
  A quokka zombie (D:6)
  4 rats
101 creatures vanquished.

Vanquished Creatures (others)
  2 plants (D:4)
2 creatures vanquished.

Grand Total: 103 creatures vanquished

Notes
Turn   | Place    | Note
-------+----------+-------------------------------------------
     0 | D:1      | xccam the Formicid Fighter began the quest for the Orb.
     0 | D:1      | Reached XP level 1. HP: 18/18 MP: 1/1
   241 | D:1      | Reached XP level 2. HP: 23/24 MP: 2/2
   703 | D:2      | Reached skill level 3 in Axes
   733 | D:2      | Reached XP level 3. HP: 18/29 MP: 3/3
  1300 | D:2      | Reached skill level 4 in Axes
  1300 | D:2      | Reached XP level 4. HP: 35/35 MP: 4/4
  1519 | D:3      | Noticed Nr616's ghost (amateur SpEn)
  1536 | D:3      | Killed Nr616's ghost
  1536 | D:3      | Reached skill level 5 in Axes
  1536 | D:3      | Reached XP level 5. HP: 26/41 MP: 5/5
  2025 | D:3      | Reached XP level 6. HP: 45/47 MP: 6/6
  2293 | D:3      | Reached skill level 6 in Axes
  2674 | D:4      | Reached XP level 7. HP: 5/52 MP: 7/7
  2674 | D:4      | HP: 1/52 [orc/trident (4)]
  2928 | D:4      | Reached skill level 7 in Axes
  3626 | D:5      | Entered Level 5 of the Dungeon
  3781 | D:5      | Reached skill level 8 in Axes
  4108 | D:5      | Reached XP level 8. HP: 30/58 MP: 8/8
  4457 | D:5      | Reached skill level 9 in Axes
  4489 | D:5      | Found a shattered altar of Ashenzari.
  4873 | D:6      | Noticed Dowan
  4887 | D:6      | Killed Dowan
  4916 | D:6      | Noticed Prince Ribbit
  4929 | D:6      | Killed Prince Ribbit
  4929 | D:6      | Reached skill level 10 in Axes
  4956 | D:6      | Killed from afar by an orc priest

Vault maps used:
D:1:      arrival_zaba_pyramid, serial_forest, infiniplex_forest_end_3,
          infiniplex_forest_clump_tiny, infiniplex_forest_straight_4,
          infiniplex_forest_clump_large, infiniplex_forest_end_2,
          infiniplex_forest_join, infiniplex_forest_straight_5
D:2:      first_ration
D:3:      minmay_misc_feat_encased
D:4:      wad_woods_settlement, serial_corexii_hall, corexii_hall_statues_t,
          corexii_hall_statues_i, corexii_hall_statues_l, corexii_hall_statues_l
D:5:      ashenzari_altar_1, due_unseen_surprise
D:6:      minmay_temple_entry_from_below_a, uniq_grinder, uniq_duvessa,
          uniq_prince_ribbit1, uniq_crazy_yiuf_cottage

Skill      XL: |  1  2  3  4  5  6  7  8 |
---------------+-------------------------+-----
Axes           | 3 4 5 6 8 10 | 10.1
Fighting       | |  3.2
Armour         | |  3.2
Shields        | |  3.8

Action                   |  1- 3 |  4- 6 |  7- 9 || total
-------------------------+-------+-------+-------++-------
Melee: War axe           |    95 |   143 |   127 ||   365
Evoke: Wand              |       |       |     2 ||     2
  Use: Potion            |       |     4 |     1 ||     5
  Eat: Chunk             |     1 |     5 |     7 ||    13
Armor: Scale mail        |    46 |    40 |    27 ||   113
Dodge: Dodged            |    26 |    30 |    29 ||    85
       Deflected         |       |       |     1 ||     1
Block: Shield            |    58 |    64 |    51 ||   173

Table legend:
 A = Spawn XP
 B = Non-spawn XP
 C = Spawn XP percentage of total XP
 D = Spawn monster count
 E = Non-spawn monster count
 F = Spawn count percentage of total count
 G = Total turns spent on level
                    A         B        C        D         E        F      G
               +---------+---------+-------+---------+---------+-------+---------
         Total |       0 |    1794 |   0.0 |       0 |     101 |   0.0 |  4956
               +---------+---------+-------+---------+---------+-------+---------
           D:1 |       0 |      15 |   0.0 |       0 |      10 |   0.0 |   689
           D:2 |       0 |      68 |   0.0 |       0 |      18 |   0.0 |   803
           D:3 |       0 |     310 |   0.0 |       0 |      30 |   0.0 |   903
           D:4 |       0 |     269 |   0.0 |       0 |      23 |   0.0 |  1231
           D:5 |       0 |     559 |   0.0 |       0 |      13 |   0.0 |  1152
           D:6 |       0 |     573 |   0.0 |       0 |       7 |   0.0 |   178
               +---------+---------+-------+---------+---------+-------+---------
